AoeStats
← darador86

Fortress

507898134Analyzed
4v4 RM · 14d ago on Sep 20, 2026· 74m 30s· 8 players
Game mode
Random Map
Map size
Huge
Population
200
Speed
Normal
Resources
Standard
Victory
Conquest
Starting age
Dark Age
Ending age
Imperial Age
RankedLock teamsTeams togetherTeam positionsShared explorationLock speedFull tech treeHidden civsTurbo modeCheats
Victory
Defeat
🇨🇦 Teutons · Canada
819
+20
🇨🇦 Japanese · Canada
796
+10
🇨🇳 Dravidians · China
759
+11
🇨🇴 Bulgarians · Colombia
751
+12
🇦🇷 Huns · Argentina
683
-11
🇧🇷 Jurchens · Brazil
661
-11
🇧🇷 Wu · Brazil
649
-10
🇺🇸 Aztecs · United States
637
-10
V snacks
6:16 Loom
9:25 Feudal Age
11:49 Town Watch
14:06 Double-Bit Axe
17:00 Castle Age
14:54 Stone Mining
15:20 Horse Collar
16:35 Gold Mining
18:38 Fletching
18:50 Scale Mail Armor
19:01 Forging
19:41 Bow Saw
20:58 Bodkin Arrow
22:57 Wheelbarrow
24:35 Caravan
25:43 Chain Mail Armor
34:25 Imperial Age
32:57 Gold Shaft Mining
33:18 Iron Casting
32:48 Squires
32:34 Arson
36:37 Blast Furnace
36:07 Plate Mail Armor
35:38 Bracer
36:15 Heavy Scorpion
40:13 Elite Samurai
45:21 Capped Ram
51:06 Onager
68:08 Kataparuto
Eight255
4:08 Loom
11:01 Feudal Age
11:30 Double-Bit Axe
11:28 Horse Collar
13:13 Wheelbarrow
16:43 Castle Age
16:56 Scale Barding Armor
17:02 Forging
17:14 Bloodlines
26:29 Gold Mining
31:18 Imperial Age
34:16 Chain Barding Armor
34:32 Iron Casting
33:28 Cavalier
36:41 Onager
41:16 Man-at-Arms
42:36 Scale Mail Armor
43:38 Blast Furnace
45:31 Paladin
54:43 Hand Cart
54:39 Long Swordsman
55:06 Arson
67:58 Plate Barding Armor
71:56 Elite Teutonic Knight
js.paredesm
7:53 Feudal Age
8:16 Horse Collar
8:22 Double-Bit Axe
17:01 Castle Age
18:44 Forging
19:12 Bow Saw
22:20 Heavy Plow
25:17 Gold Mining
30:57 Imperial Age
29:17 Gold Shaft Mining
30:19 Iron Casting
30:08 Stone Mining
30:51 Scale Barding Armor
30:36 Gambesons
30:51 Squires
32:16 Wheelbarrow
32:04 Conscription
32:24 Chain Barding Armor
32:22 Elite Konnik
32:54 Capped Ram
34:05 Stirrups
35:07 Plate Barding Armor
35:47 Stone Shaft Mining
35:37 Hand Cart
35:37 Scale Mail Armor
37:43 Husbandry
38:03 Bloodlines
39:58 Caravan
41:58 Arson
41:37 Siege Ram
42:22 Bagains
54:05 Blast Furnace
53:20 Chain Mail Armor
54:11 Town Watch
54:15 Loom
55:02 Plate Mail Armor
56:19 Masonry
56:20 Siege Engineers
56:26 Masonry
68:54 Pikeman
抽风Crazy
0:38 Loom
8:27 Feudal Age
9:52 Double-Bit Axe
9:51 Horse Collar
13:45 Castle Age
12:52 Gold Mining
12:54 Stone Mining
15:27 Wheelbarrow
15:29 Bow Saw
16:36 Hand Cart
17:07 Loom
18:21 Heavy Plow
20:18 Town Watch
26:56 Imperial Age
26:09 Town Patrol
26:30 Thumb Ring
29:31 Two-Man Saw
28:53 Elite Elephant Archer
29:31 Fletching
29:42 Padded Archer Armor
30:57 Ballistics
31:38 Chemistry
31:59 Leather Archer Armor
32:02 Medical Corps
32:18 Conscription
32:37 Bodkin Arrow
33:12 Ring Archer Armor
33:17 Bracer
36:06 Guilds
54:51 Caravan
60:49 Caravan
70:45 Husbandry
Xx-Antrax-Xx44
7:44 Feudal Age
7:27 Loom
14:46 Castle Age
23:51 Treadmill Crane
27:16 Forging
27:06 Scale Mail Armor
29:41 Squires
29:27 Arson
29:28 Gambesons
29:04 Eagle Warrior
30:48 Iron Casting
30:28 Chain Mail Armor
34:48 Imperial Age
35:49 Conscription
35:30 Atlatl
35:51 Garland Wars
36:35 Blast Furnace
36:05 Plate Mail Armor
37:44 Chemistry
37:55 Pikeman
51:00 Man-at-Arms
52:22 Long Swordsman
53:38 Two-Handed Swordsman
56:40 Fletching
56:51 Padded Archer Armor
57:30 Crossbowman
58:36 Leather Archer Armor
58:17 Bodkin Arrow
58:45 Ballistics
58:52 Arbalester
GUSTAVO-nardes
0:51 Loom
7:04 Feudal Age
15:15 Castle Age
36:55 Fletching
37:11 Scale Barding Armor
36:34 Light Cavalry
41:48 Imperial Age
40:27 Pikeman
47:12 Hussar
48:22 Chain Barding Armor
47:58 Bodkin Arrow
48:14 Forging
48:05 Scale Mail Armor
48:05 Padded Archer Armor
49:17 Double-Bit Axe
53:30 Plate Barding Armor
63:27 Bloodlines
Matheus wn8088
2:47 Loom
6:53 Feudal Age
8:19 Double-Bit Axe
15:37 Castle Age
16:38 Fletching
17:05 Bow Saw
18:23 Bodkin Arrow
19:24 Padded Archer Armor
20:46 Leather Archer Armor
23:24 Red Cliffs Tactics
25:01 Horse Collar
26:20 Gold Mining
26:23 Stone Mining
27:19 Ballistics
35:36 Imperial Age
35:53 Wheelbarrow
36:04 Gold Shaft Mining
35:31 Heavy Plow
36:49 Conscription
35:50 Elite Fire Archer
37:18 Bracer
38:24 Hand Cart
39:16 Chemistry
52:45 Light Cavalry
53:37 Bloodlines
53:29 Husbandry
53:19 Hussar
54:26 Scale Barding Armor
54:34 Forging
55:42 Chain Barding Armor
57:56 Iron Casting
67:02 Blast Furnace
66:39 Plate Barding Armor
darador86
12:01 Feudal Age
16:04 Castle Age
14:29 Horse Collar
14:41 Gold Mining
14:41 Stone Mining
17:43 Double-Bit Axe
17:57 Town Watch
18:58 Wheelbarrow
20:44 Town Patrol
21:54 Bow Saw
22:25 Pikeman
23:36 Caravan
25:06 Hand Cart
25:51 Husbandry
26:03 Bloodlines
25:55 Padded Archer Armor
25:46 Fletching
26:06 Forging
26:43 Gold Shaft Mining
29:25 Marauders
30:09 Heavy Plow
33:01 Imperial Age
33:18 Elite Tarkan
34:19 Conscription
39:18 Parthian Tactics
38:13 Heavy Cavalry Archer
63:16 Halberdier
63:58 Squires
Connection lost

Rejoining the realm…

Still unreachable

The connection could not be restored.

Session expired

The server has moved on; the page needs a fresh start.